 Dungeon Crawl Stone Soup version 0.28-a0-1159-g27aa881441 (webtiles) character file.

Game seed: 3162974758229327360

36 Essalna the Firebug (level 3, -2/24 HPs)
             Began as a Demonspawn Fire Elementalist on Dec 15, 2021.
             Slain by a goblin (4 damage)
             ... led by Robin
             ... on level 2 of the Dungeon.
             The game lasted 00:01:43 (1315 turns).

Essalna the Firebug (Demonspawn Fire Elementalist)  Turns: 1315, Time: 00:01:43

Health: -2/24      AC:  2    Str:  8    XL:     3   Next: 19%
Magic:  6/6        EV: 12    Int: 18    God:
Gold:   49         SH:  0    Dex: 13    Spells: 6/7 levels left

rFire   . . .      SeeInvis .   d - +0 spear
rCold   . . .      Faith    .   (no shield)
rNeg    . . .      Spirit   .   a - +0 robe
rPois   .          Reflect  .   (helmet restricted)
rElec   .          Harm     .   (no cloak)
rCorr   .          Rampage  .   (no gloves)
Will    .....                   (no boots)
Stlth   ++........              (no amulet)
HPRegen 0.08/turn               (no ring)
MPRegen 0.10/turn               (no ring)

@: no status effects
A: antennae 1, demonic guardian 1
a: no special abilities


You were on level 2 of the Dungeon.
You visited 1 branch of the dungeon, and saw 2 of its levels.

You collected 49 gold pieces.

Inventory:

Hand Weapons
 d - a +0 spear (weapon)
Armour
 a - a +0 robe (worn)
Scrolls
 c - a scroll of magic mapping {unknown}
 f - a scroll of enchant weapon {unknown}
 h - a scroll of identify {unknown}
 i - a scroll of silence {unknown}
Potions
 b - a potion of brilliance {unknown}
 e - a potion of mutation {unknown}
 g - a potion of curing {unknown}
 j - a potion of degeneration {unknown}
 k - 2 potions of flight {unknown}


   Skills:
 - Level 1.7 Dodging
 - Level 1.7 Stealth
 + Level 2.5 Spellcasting
 + Level 2.0 Conjurations
 + Level 3.1 Fire Magic


You had 6 spell levels left.
You knew the following spells:

 Your Spells              Type           Power      Damage    Failure   Level
a - Foxfire               Conj/Fire      44%        2x1d6     6%          1

Your spell library contained the following spells:

 Spells                   Type           Power      Damage    Failure   Level
 Scorch                   Fire           26%        2d6       7%          2
 Conjure Flame            Conj/Fire      11%        6-21      19%         3
 Inner Flame              Hex/Fire       7%         N/A       26%         3
 Flame Wave               Conj/Fire      11%        2d5       52%         4


Dungeon Overview and Level Annotations

Branches:
Dungeon (2/15)

Altars:

Annotations:
D:2 Robin


Innate Abilities, Weirdness & Mutations

You have a pair of small antennae on your head.
A weak demonic guardian rushes to your aid.


Message History

Your Conjurations skill increases to level 2!
Your ufetubus disappears in a puff of smoke!
Your iron imp disappears in a puff of smoke!
HP restored.
You see here a rat skeleton.
Things that are here:
a +0 club; a goblin skeleton
Things that are here:
a +0 dagger; a goblin skeleton
Found a stone staircase leading down.
Items here: ( ))) ÷.
k - 2 dark potions (gained 1)
Found an escape hatch in the ceiling.
Key pressed, stopping explore.
Key pressed, stopping explore.
A goblin comes into view. It is wielding a +0 club.
A goblin is nearby!
A goblin is nearby!
The goblin shouts!
You hear a shout! x2
The goblin hits you with a +0 club. The goblin hits you with a +0 club.
The goblin shouts!
The goblin hits you with a +0 club. The goblin barely misses you.
The goblin closely misses you. The goblin hits you but does no damage.
The goblin misses you. x2
A goblin comes into view. It is wielding a +0 dagger.
The goblin closely misses you. The goblin hits you with a +0 club.
The goblin hits you with a +0 club. x2; A demonic guardian appears!
The goblin barely misses you. The goblin hits you with a +0 club.
* * * LOW HITPOINT WARNING * * *
The goblin hits you with a +0 club.
* * * LOW HITPOINT WARNING * * *
The goblin closely misses you. The goblin hits you but does no damage.
The goblin closely misses you. The goblin closely misses you.
The goblin completely misses you. The goblin hits you with a +0 club.
* * * LOW HITPOINT WARNING * * *
The goblin barely misses you. The goblin completely misses you.
The goblin hits you with a +0 club.
You die...

.....(.#......####..#.#
#.......###...###.#.#
###÷))...######..##.#.#
#...###......###......# #÷###
#.####..####.<.##
#<#####.#####.###....## #.
.....)................##### #.#
..#####.#####..##g#..[....###..##
### #.# ##.5@ggg..g.....##...
####g#####......###. ...#
##..##.##.. #...# #..##..#..
#...# #...##.... #. .# ########..
## #.. ###


You could see Robin, 5 goblins and a friendly shadow imp (summoned).

Vanquished Creatures
  An adder (D:2)
  3 ball pythons
  A giant cockroach (D:1)
  4 goblins
  2 hobgoblins (D:2)
  2 jackals (D:1)
  A quokka (D:1)
  2 bats (D:1)
  2 frilled lizards (D:1)
  A rat (D:1)
19 creatures vanquished.

Vanquished Creatures (collateral kills)
  2 goblins (D:2)
  A quokka (D:2)
  A rat (D:2)
4 creatures vanquished.

Vanquished Creatures (others)
  50 foxfires
50 creatures vanquished.

Grand Total: 73 creatures vanquished

Notes
Turn   | Place    | Note
-------+----------+-------------------------------------------
     0 | D:1      | Essalna the Demonspawn Fire Elementalist began the quest
                  | for the Orb.
     0 | D:1      | Reached XP level 1. HP: 13/13 MP: 3/3
     0 | D:1      | Noticed an ice dragon
     0 | D:1      | Noticed a tentacled monstrosity
     1 | D:1      | Noticed a large abomination
     2 | D:1      | Noticed a yellow draconian
     4 | D:1      | Noticed a red draconian
     4 | D:1      | Noticed an orb of fire
     6 | D:1      | Noticed a red draconian
     7 | D:1      | Noticed an ice dragon
     8 | D:1      | Noticed a white draconian
    12 | D:1      | Noticed a large abomination
    14 | D:1      | Noticed an ice dragon
    16 | D:1      | Noticed a large abomination
    16 | D:1      | Noticed a white draconian
    16 | D:1      | Noticed an orb of fire
    18 | D:1      | Noticed a large abomination
    18 | D:1      | Noticed a shadow dragon
    18 | D:1      | Noticed an orb of fire
    20 | D:1      | Noticed a red draconian
    22 | D:1      | Noticed a large abomination
   517 | D:1      | Gained mutation: You have a pair of small antennae on your
                  | head. [demonic ancestry]
   517 | D:1      | Reached XP level 2. HP: 19/19 MP: 0/5
   832 | D:2      | Reached skill level 3 in Fire Magic
   920 | D:2      | Noticed Robin
   955 | D:2      | Gained mutation: A weak demonic guardian rushes to your
                  | aid. [demonic ancestry]
   955 | D:2      | Reached XP level 3. HP: 23/24 MP: 4/6
  1315 | D:2      | Slain by a goblin

Illustrated notes

Levels and vault maps discovered:
D:1:      shiori_arrival_whats_in_store_for_you, layout_rooms
D:2:      layout_rooms, uniq_robin

Skill      XL: |  1  2  3 |
---------------+----------+-----
Fire Magic     | 3 |  3.1
Conjurations   | 2 |  2.0
Dodging        | |  1.7
Stealth        | |  1.7
Spellcasting   | |  2.5

Action                   || total
-------------------------++-------
Melee: Spear             ||    12
 Cast: Foxfire           ||    35
Armor: Robe              ||     7
Dodge: Dodged            ||    41

Table legend: (Time is in decaauts)
 A = Elapsed time spent in this place.
 B = Non-inter-level travel time spent in this place.
 C = Inter-level travel time spent in this place.
 D = Time resting spent in this place.
 E = Time spent auto-exploring this place.
 F = Levels seen in this place.
 G = Mean time per level.
                   A        B        C        D        E       F      G
               +--------+--------+--------+--------+--------+-----+--------+
         Total |   1316 |   1267 |     49 |      0 |   1061 |   2 |  658.0 |
       Dungeon |   1316 |   1267 |     49 |      0 |   1061 |   2 |  658.0 |
               +--------+--------+--------+--------+--------+-----+--------+

Top non-repeatable levels by time:
     D:1: 850 daAuts
     D:2: 465 daAuts
